 Dungeon Crawl Stone Soup version 0.20.0-10-g0535bb4 (webtiles) character file.

44 Larmestyx the Sneak (level 3, 0/16 HPs)
             Began as a Vine Stalker Enchanter on June 3, 2017.
             Slain by an adder (2 damage)
             ... on level 2 of the Dungeon.
             The game lasted 00:04:15 (1544 turns).

Larmestyx the Sneak (Vine Stalker Enchanter)        Turns: 1544, Time: 00:04:16

Health: 0/16       AC:  2    Str: 10    XL:     3   Next: 62%
Magic:  0/7        EV: 12    Int: 15    God:
Gold:   74         SH:  0    Dex: 15    Spells: 0/6 levels left

rFire    . . .     SeeInvis .   a - +1 dagger
rCold    . . .     Gourm    .   (no shield)
rNeg     . . .     Faith    .   b - +0 robe
rPois    .         Spirit   +   (no helmet)
rElec    .         Reflect  .   (no cloak)
rCorr    .         Harm     .   (no gloves)
MR       .....                  (no boots)
Stlth    +++.......             (no amulet)
Regen    0.1/turn               (no ring)
MPRegen  0.1/turn               (no ring)

@: lethally poisoned (0 -> -9)
A: fangs 2, magic shield, antimagic bite, no potion heal 3, rot immunity
a: no special abilities


You were on level 2 of the Dungeon.
You were very hungry.

You visited 1 branch of the dungeon, and saw 2 of its levels.

You collected 74 gold pieces.

Inventory:

Hand Weapons
 a - a +1 dagger (weapon)
Armour
 b - a +0 robe (worn)
Scrolls
 f - a scroll of identify {unknown}
Potions
 e - 2 potions of heal wounds {unknown}
 g - a potion of ambrosia {unknown}
 h - 2 potions of mutation {unknown}
 i - a potion of lignification {unknown}
Books
 c - a book of Maledictions

   Spells                             Type                      Level
   a - Corona                         Hexes                        1
   b - Ensorcelled Hibernation        Hexes/Ice                    2
   c - Confuse                        Hexes                        3
   d - Tukima's Dance                 Hexes                        3
   e - Dazzling Spray                 Conjuration/Hexes            3
Comestibles
 d - a bread ration


   Skills:
 + Level 0.1 Fighting
 * Level 1.3 Short Blades
 + Level 1.8 Dodging
 + Level 4.1 Stealth
 + Level 2.4 Spellcasting
 + Level 3.6 Hexes


You couldn't memorise any spells.
You knew the following spells:

 Your Spells              Type           Power        Failure   Level  Hunger
a - Corona                Hex            ##.....      4%          1    #......
b - Ensorcelled Hibernat  Hex/Ice        #.....       16%         2    ###....
c - Confuse               Hex            ##......     14%         3    ###....


Dungeon Overview and Level Annotations

Branches:
Dungeon (2/15)

Altars:
Ashenzari


Innate Abilities, Weirdness & Mutations

You have extremely sharp teeth.
When hurt, damage is shared between your health and your magic reserves.
Your bite disrupts and absorbs the magic of your enemies.
Potions cannot restore your health.
You are immune to rotting.


Message History

You miss the adder. Your bite misses the adder.
You feel sick. The adder bites you.
You hit the adder.
The adder is moderately wounded.
The adder bites you.
* * * LOW HITPOINT WARNING * * *
You are lethally poisoned!
The adder poisons you!
You hit the adder.
The adder is moderately wounded.
* * * LOW HITPOINT WARNING * * *
You feel sick. The adder bites you but does no damage.
You hit the adder. Your bite misses the adder.
The adder is heavily wounded.
The adder barely misses you.
You closely miss the adder.
The adder is heavily wounded.
* * * LOW HITPOINT WARNING * * *
You feel sick. The adder bites you.
You die...

......... .......#
####.....#
.........# ....
#......###..#
#...####.#..#
#..?#_'..#..#
#$..####.#..###
#......#@#....#
##.....#S#..#.##
.......#r..r.r.#
#####...#.#.#.#.....
###...#.#†# #$#
###.#.#...#
..#...##r# ###...#
.. ..#.. ...


You could see an adder and a rat.

Vanquished Creatures
  An adder (D:2)
  2 oozes (D:1)
  A dart slug (D:1)
  2 leopard geckos (D:1)
  2 bats
  A giant cockroach (D:1)
  5 goblins (D:1)
  A ball python (D:1)
  3 frilled lizards (D:1)
  3 kobolds (D:1)
  3 rats (D:1)
24 creatures vanquished.

Notes
Turn   | Place    | Note
-------+----------+-------------------------------------------
     0 | D:1      | Larmestyx the Vine Stalker Enchanter began the quest for the Orb.
     0 | D:1      | Reached XP level 1. HP: 9/9 MP: 4/4
   136 | D:1      | Reached XP level 2. HP: 13/13 MP: 6/6
   373 | D:1      | Reached skill level 1 in Short Blades
   600 | D:1      | Reached skill level 4 in Stealth
   708 | D:1      | Reached XP level 3. HP: 16/16 MP: 7/7
  1133 | D:1      | Learned a level 2 spell: Ensorcelled Hibernation
  1137 | D:1      | Learned a level 3 spell: Confuse
  1511 | D:2      | Found a shattered altar of Ashenzari.
  1544 | D:2      | Slain by an adder

Skill      XL: |  1  2 |
---------------+-------+-----
Short Blades   | 1 |  1.3
Stealth        | 4 |  4.1
Fighting       | |  0.1
Dodging        | |  1.8
Spellcasting   | |  2.4
Hexes          | |  3.6

Action                   || total
-------------------------++-------
Melee: Dagger            ||    84
       Bite              ||    18
 Cast: Ensorcelled Hiber ||     3
 Stab: Sleeping          ||     9
  Eat: Chunk             ||     1
Armor: Robe              ||    11
Dodge: Dodged            ||    41
